 Dungeon Crawl Stone Soup version 0.21-a0-584-g185da8e (webtiles) character file.

29 Amnesiac the Chiller (level 3, -2/19 HPs)
             Began as a Deep Elf Ice Elementalist on Dec 21, 2017.
             Slain by Sigmund
             ... wielding a +0 scythe
              (6 damage)
             ... on level 2 of the Dungeon.
             The game lasted 00:01:18 (1380 turns).

Amnesiac the Chiller (Deep Elf Ice Elementalist)    Turns: 1380, Time: 00:01:18

Health: -2/19      AC:  7    Str:  5    XL:     3   Next: 1%
Magic:  4/10       EV: 13    Int: 20    God:
Gold:   105        SH:  0    Dex: 15    Spells: 5/9 levels left

rFire    . . .     SeeInvis .   i - +0 hunting sling
rCold    . . .     Gourm    .   (no shield)
rNeg     . . .     Faith    .   a - +0 robe
rPois    .         Spirit   .   (no helmet)
rElec    .         Reflect  .   (no cloak)
rCorr    .         Harm     .   (no gloves)
MR       .....                  (no boots)
Stlth    ++........             (no amulet)
HPRegen  0.06/turn              (no ring)
MPRegen  0.12/turn              (no ring)

@: icy armour, hasted, very quick
A: no striking features
a: no special abilities


You were on level 2 of the Dungeon.
You were not hungry.

You visited 1 branch of the dungeon, and saw 2 of its levels.

You collected 105 gold pieces.

Inventory:

Hand Weapons
 i - a +0 hunting sling (weapon)
Missiles
 d - 62 stones (quivered)
Armour
 a - a +0 robe (worn)
Jewellery
 r - an uncursed ring of protection from cold {unknown}
Scrolls
 h - a scroll of identify {!r, unknown}
 k - a scroll of fear {!r, unknown}
 m - a scroll of remove curse {!r, unknown}
 n - a scroll of immolation {!r, unknown}
Potions
 e - a potion of haste {!q}
 f - a potion of agility {!q, unknown}
 g - 2 potions of heal wounds {!q, unknown}
 j - a potion of resistance {!q, unknown}
 l - a potion of berserk rage {!q, unknown}
 o - a potion of invisibility {!q, unknown}
 p - a potion of curing {!q, unknown}
 q - 2 potions of magic {!q, unknown}
Books
 b - a book of Frost

   Spells                             Type                      Level
   a - Freeze                         Ice                          1
   b - Throw Frost                    Conjuration/Ice              2
   c - Ozocubu's Armour               Charms/Ice                   3
   d - Throw Icicle                   Conjuration/Ice              4
   e - Summon Ice Beast               Ice/Summoning                4
Comestibles
 c - 5 rations
 s - 3 chunks of flesh


   Skills:
 - Level 2.4 Dodging
 - Level 2.4 Stealth
 + Level 3.6 Spellcasting
   Level 1.1 Conjurations
 * Level 4.2 Ice Magic


You had 5 spell levels left.
You knew the following spells:

 Your Spells              Type           Power        Failure   Level  Hunger
a - Freeze                Ice            ###.         2%          1    None
b - Ozocubu's Armour      Chrm/Ice       ##......     17%         3    ###....


Dungeon Overview and Level Annotations

Branches:
Dungeon (2/15)

Altars:

Annotations:
D:2 Sigmund


Message History

There is an open door here.
There is a stone staircase leading down here.
A goblin comes into view. It is wielding a club.
A goblin is nearby!
A goblin is nearby!
A goblin is nearby!
Firing (i - inventory):
d - 63 stones (quivered)
Press: ? - help, Shift-Dir - straight line, f - goblin
Aim: a goblin, wielding a club (resting)
You shoot a stone. The stone hits the goblin.
You kill the goblin!
You have reached level 3!
Your experience leads to an increase in your attributes!
Increase (S)trength, (I)ntelligence, or (D)exterity?
You feel clever.
Memorise Ozocubu's Armour, consuming 3 spell levels and leaving 5?
You start memorising the spell.
You continue memorising. x3
You finish memorising.
Spell assigned to 'b'.
Things that are here:
a club; a goblin corpse You butcher the goblin corpse.
s - 3 chunks of flesh You see here a club. x2
Sigmund the Dreaded comes into view.
He is wielding a scythe.
Sigmund shouts!
Casting: Freeze
Confirm with . or Enter, or press ? or * to list all spells.
Okay, then.
Casting: Freeze
Confirm with . or Enter, or press ? or * to list all spells.
A film of ice covers your body! Sigmund casts a spell at you.
The magic dart hits you!
Casting: Ozocubu's Armour
Confirm with . or Enter, or press ? or * to list all spells.
Aiming: Freeze
Press: ? - help, Shift-Dir - straight line, f - Sigmund
Aim: Sigmund, wielding a scythe and wearing a robe You freeze Sigmund.
Sigmund is lightly wounded.
Sigmund giggles. "Time to reap what you sow."
Sigmund closely misses you.
Casting: Freeze
Confirm with . or Enter, or press ? or * to list all spells.
Aiming: Freeze
Press: ? - help, Shift-Dir - straight line, f/p - Sigmund
Aim: Sigmund, wielding a scythe and wearing a robe (lightly wounded)
You freeze Sigmund.
Sigmund is lightly wounded.
Sigmund hits you with a scythe!
Ouch! That really hurt!
* * * LOW HITPOINT WARNING * * *
Casting: Freeze
Confirm with . or Enter, or press ? or * to list all spells.
Aiming: Freeze
Press: ? - help, Shift-Dir - straight line, f/p - Sigmund
Aim: Sigmund, wielding a scythe and wearing a robe (lightly wounded)
You freeze Sigmund.
Sigmund is moderately wounded.
Unknown command.
Really quaff
e - 2 fuming green potions {!q}?
It was a potion of haste {!q}.
You feel yourself speed up. Sigmund hits you with a scythe.
You die...

#.# #.##.#
#.#####.##.#
#.......##.#
##########.# #)#
#.# # #.#
########## #.
##.####.........
#.##...##..@@#
#......#..#.#
#.#....##..#.#
..##.#.###..#.#
#............#.#
#.###.#.###.##.#
#.#+# #.# .# .
#.# .# ## #..


You could see Sigmund.

Vanquished Creatures
  2 dart slugs (D:1)
  A leopard gecko (D:1)
  2 bats (D:1)
  2 giant cockroaches (D:1)
  4 goblins
  4 hobgoblins (D:1)
  A ball python (D:1)
  A frilled lizard (D:1)
  3 kobolds
  A rat (D:1)
21 creatures vanquished.

Notes
Turn   | Place    | Note
-------+----------+-------------------------------------------
     0 | D:1      | Amnesiac the Deep Elf Ice Elementalist began the quest for the Orb.
     0 | D:1      | Reached XP level 1. HP: 10/10 MP: 6/6
   289 | D:1      | You fall through a shaft!
   344 | D:2      | Reached XP level 2. HP: 15/15 MP: 6/8
   422 | D:2      | Found a faded altar of an unknown god.
   556 | D:1      | Reached skill level 4 in Ice Magic
  1345 | D:2      | Reached XP level 3. HP: 19/19 MP: 10/10
  1350 | D:2      | Learned a level 3 spell: Ozocubu's Armour
  1370 | D:2      | Noticed Sigmund
  1380 | D:2      | Slain by Sigmund

Vault maps used:
D:1:      minmay_arrival_shattered_statue, minmay_pentomino_s2
D:2:      chequers_ecumenical_altar_simple_redux, first_ration, uniq_sigmund

Skill      XL: |  1  2 |
---------------+-------+-----
Ice Magic      | 4 |  4.2
Dodging        | |  2.4
Stealth        | |  2.4
Spellcasting   | |  3.6
Conjurations   | |  1.1

Action                   || total
-------------------------++-------
 Fire: Hunting sling     ||    22
 Cast: Freeze            ||    24
       Ozocubu's Armour  ||     1
  Use: Potion            ||     1
  Eat: Chunk             ||     1
Dodge: Dodged            ||    12

Table legend:
 A = Spawn XP
 B = Non-spawn XP
 C = Spawn XP percentage of total XP
 D = Spawn monster count
 E = Non-spawn monster count
 F = Spawn count percentage of total count
 G = Total turns spent on level
                    A         B        C        D         E        F      G
               +---------+---------+-------+---------+---------+-------+---------
         Total |       0 |      42 |   0.0 |       0 |      21 |   0.0 |  1380
               +---------+---------+-------+---------+---------+-------+---------
           D:1 |       0 |      38 |   0.0 |       0 |      19 |   0.0 |  1083
           D:2 |       0 |       4 |   0.0 |       0 |       2 |   0.0 |   297
               +---------+---------+-------+---------+---------+-------+---------
